 Dungeon Crawl Stone Soup version 0.30-a0-297-g0ec75d9ef4 (webtiles) character file.

Game seed: 13259503760527008787

506 plokij the Slasher (level 6, -8/56 HPs)
             Began as a Minotaur Fighter on Oct 19, 2022.
             Was an Initiate of Okawaru.
             Killed by divine providence
             ... invoked by an orc priest
              (15 damage)
             ... on level 5 of the Dungeon.
             The game lasted 00:08:26 (3207 turns).

plokij the Slasher (Minotaur Fighter)               Turns: 3207, Time: 00:08:27

Health: -8/56      AC:  7    Str: 20    XL:     6   Next: 97%
Magic:  5/5        EV: 10    Int:  5    God:    Okawaru [......]
Gold:   257        SH: 13    Dex: 12    Spells: 5/5 levels left

rFire   . . .      SeeInvis .    w - +0 scimitar
rCold   . . .      Faith    .    x - +0 tower shield
rNeg    . . .      Spirit   .    b - +0 scale mail
rPois   .          Reflect  .    (helmet restricted)
rElec   .          Harm     .    (no cloak)
rCorr   .          Rampage  .    (no gloves)
Will    .....                    (no boots)
Stlth   ..........               (no amulet)
HPRegen 0.29/turn                t - +4 ring of evasion
MPRegen 0.09/turn                (no ring)

@: no status effects
A: horns 2, retaliatory headbutt
a: Renounce Religion


You were on level 5 of the Dungeon.
You worshipped Okawaru.
Okawaru was noncommittal.
You visited 2 branches of the dungeon, and saw 6 of its levels.

You collected 257 gold pieces.

Inventory:

Hand Weapons
 w - a +0 scimitar (weapon)
Armour
 b - a +0 scale mail (worn)
 x - a +0 tower shield (worn)
Jewellery
 t - a +4 ring of evasion (left hand)
Wands
 p - a wand of digging (4)
Scrolls
 e - 2 scrolls of fear {unknown}
 f - 2 scrolls of magic mapping {unknown}
 g - 3 scrolls of enchant weapon {unknown}
 i - 9 scrolls of identify {unknown}
 k - a scroll of teleportation {unknown}
 l - 2 scrolls of immolation {unknown}
 m - a scroll of brand weapon {unknown}
 o - a scroll of noise {unknown}
 q - a scroll of vulnerability {unknown}
 u - a scroll of butterflies {unknown}
 v - 2 scrolls of poison {unknown}
Potions
 a - a potion of attraction {unknown}
 c - a potion of heal wounds {unknown}
 d - a potion of might
 h - a potion of cancellation {unknown}
 j - 3 potions of curing {unknown}
 n - a potion of invisibility {unknown}
 r - a potion of flight {unknown}
 s - a potion of brilliance {unknown}


   Skills:
 + Level 5.3 Fighting
 * Level 6.0 Long Blades
 + Level 5.3 Armour
 + Level 5.3 Shields


You had 5 spell levels left.
You didn't know any spells.
Your spell library contained the following spells:

 Spells                   Type           Power      Damage    Failure   Level
 Sublimation of Blood     Necr           0%         N/A       100%        2
 Wereblood                Tmut           0%         N/A       100%        2
 Summon Hydra             Summ           Unusable   N/A       N/A         7

Dungeon Overview and Level Annotations

Branches:
Dungeon (5/15)             Temple (1/1) D:4

Altars:
Ashenzari
Cheibriados
Elyvilon
Gozag
Hepliaklqana
Kikubaaqudgha
Makhleb
Nemelex Xobeh
Okawaru
Qazlal
Ru
Sif Muna
Trog
Uskayaw
Vehumet
Wu Jian
The Shining One


Innate Abilities, Weirdness & Mutations

You have a pair of horns on your head.
You reflexively headbutt those who attack you in melee.


Message History

You miss something. Your headbutt misses something.
You feel less confused. Something hits you.
* * * LOW HITPOINT WARNING * * *
You hear some strange, mumbled words.
A magic dart appears from out of thin air!
The magic dart hits you.
* * * LOW HITPOINT WARNING * * *
You barely miss something. Something hits you but does no damage.
You hear some strange, mumbled words.
A puff of flame appears from out of thin air!
You block the puff of flame.
You hit something. You block the orc's attack.
You hear some strange, mumbled words.
A magic dart appears from out of thin air!
The magic dart hits you.
* * * LOW HITPOINT WARNING * * *
Things that are here:
a +1 hand axe of electrocution; 2 boomerangs You hit something.
An orc priest comes into view. It is wielding a +0 dagger.
You block the orc's attack. Something hits you.
* * * LOW HITPOINT WARNING * * *
Something hits you.
* * * LOW HITPOINT WARNING * * *
You block the orc's attack.
The orc priest shouts!
You slash the orc!
You kill the orc!
Okawaru accepts your kill.
You hear a shout!
Something hits you but does no damage.
You miss something.
The orc priest looks braver for a moment.
Something hits you but does no damage.
You hit something.
The orc priest calls down the wrath of Beogh upon you.
Beogh smites you!
You die...

#..######...#.###.#.#.
#####..# ##..##.#
#.#.#. +......#
#...##.###.#.#.
####...#
#..........#.#.
#...#####.#.##.#####.#.
#...........##.#.....#.
#.(######.####.#.#####.
#..# #.{.....# #.#####.
#..# #@#####.# #.......
#..###)## #.# #######.
#..#..o.# #.# ##
#..#.#..####.#
#..#.........#
#.#.####### #o#...[....
#.######### #o


You could see an orc priest.

Vanquished Creatures
  Sigmund (D:2)
  A phantom (D:4)
  3 orc priests
  Ijyb (D:3)
  4 adders
  3 gnolls (D:4)
  A shadow imp (D:5)
  2 worms (D:2)
  5 dart slugs
  8 orcs
  7 endoplasms
  4 giant cockroaches
  6 goblins
  6 hobgoblins
  A jackal (D:4)
  8 kobolds
  2 quokkas
  5 ball pythons
  7 bats
  3 frilled lizards
  3 rats
81 creatures vanquished.

Notes
Turn   | Place    | Note
-------+----------+-------------------------------------------
     0 | D:1      | plokij the Minotaur Fighter began the quest for the Orb.
     0 | D:1      | Reached XP level 1. HP: 19/19 MP: 0/0
   122 | D:1      | Reached XP level 2. HP: 24/27 MP: 1/1
   190 | D:1      | Reached skill level 3 in Long Blades
   871 | D:2      | Reached XP level 3. HP: 27/33 MP: 2/2
   881 | D:2      | Noticed Sigmund
   897 | D:2      | Killed Sigmund
   898 | D:2      | Reached skill level 4 in Long Blades
   898 | D:2      | Reached XP level 4. HP: 18/41 MP: 3/3
   898 | D:2      | Reached XP level 5. HP: 20/47 MP: 4/4
  1541 | D:3      | Noticed Ijyb
  1548 | D:3      | Paralysed by Ijyb for 3 turns
  1553 | D:3      | Paralysed by Ijyb for 4 turns
  1563 | D:3      | Killed Ijyb
  1571 | D:3      | Reached skill level 5 in Long Blades
  1843 | D:3      | Found a glowing golden altar of the Shining One.
  1845 | D:3      | Found a sacrificial altar of Ru.
  1848 | D:3      | Found a radiant altar of Vehumet.
  2041 | D:4      | Reached XP level 6. HP: 55/55 MP: 5/5
  2066 | D:4      | Reached skill level 5 in Fighting
  2066 | D:4      | Reached skill level 5 in Armour
  2066 | D:4      | Reached skill level 5 in Shields
  2277 | D:4      | Found a staircase to the Ecumenical Temple.
  2286 | Temple   | Entered the Ecumenical Temple
  2330 | Temple   | Became a worshipper of Warmaster Okawaru
  2717 | D:4      | Found a broken altar of Ashenzari.
  2721 | D:4      | Saw a vision of the Swamp and the Spider Nest.
  2721 | D:4      | Noticed a will-o-the-wisp
  2721 | D:4      | Noticed a spriggan rider
  2721 | D:4      | Noticed a bog body
  2721 | D:4      | Noticed a seven-headed hydra
  2721 | D:4      | Noticed a tyrant leech
  2721 | D:4      | Noticed an eleionoma
  2721 | D:4      | Noticed a swamp dragon
  2721 | D:4      | Noticed a jumping spider
  2721 | D:4      | Noticed a demonic crawler
  2721 | D:4      | Noticed a tarantella
  2721 | D:4      | Noticed a tarantella
  2721 | D:4      | Noticed a pharaoh ant
  2721 | D:4      | Noticed a redback
  2721 | D:4      | Noticed a redback
  2721 | D:4      | Noticed a tarantella
  2721 | D:4      | Noticed a jumping spider
  2721 | D:4      | Noticed a redback
  2721 | D:4      | Noticed a culicivora
  2722 | D:4      | Noticed a culicivora
  2722 | D:4      | Noticed a tarantella
  2723 | D:4      | Noticed a culicivora
  2723 | D:4      | Noticed a wolf spider
  2723 | D:4      | Noticed a tarantella
  2723 | D:4      | Noticed a demonic crawler
  2907 | D:5      | Entered Level 5 of the Dungeon
  3174 | D:5      | Reached skill level 6 in Long Blades
  3207 | D:5      | Killed from afar by an orc priest

Illustrated notes

Levels and vault maps discovered:
D:1:      amcnicky_arrival_feature_with_door, layout_loops_corners
D:2:      layout_loops_cross, uniq_sigmund
D:3:      layout_rooms, grunt_temple_overflow_open, uniq_ijyb
D:4:      nicolae_cairo_tiling_large_dashed, layout_loops_ring,
          grunt_ashenzari_visionary [grunt_ashenzari_visionary_swamp,
          grunt_ashenzari_visionary_spider], minmay_box_of_dots
D:5:      layout_basic, uniq_prince_ribbit1
Temple:   nicolae_temple_god_jail

Skill      XL: |  1  2  3  4  5  6 |
---------------+-------------------+-----
Long Blades    | 3 4 5 6 |  6.0
Armour         | 4 5 |  5.3
Fighting       | 4 5 |  5.3
Shields        | 4 5 |  5.3

Action                   |  1- 3 |  4- 6 || total
-------------------------+-------+-------++-------
Melee: Long sword        |    42 |   104 ||   146
       Headbutt          |     9 |    29 ||    38
       Scimitar          |       |    69 ||    69
Armor: Scale mail        |    20 |    66 ||    86
Dodge: Dodged            |    16 |    46 ||    62
Block: Buckler           |     6 |     2 ||     8
       Kite shield       |       |    50 ||    50
       Tower shield      |       |    18 ||    18

Table legend: (Time is in decaauts)
 A = Elapsed time spent in this place.
 B = Non-inter-level travel time spent in this place.
 C = Inter-level travel time spent in this place.
 D = Time resting spent in this place.
 E = Time spent auto-exploring this place.
 F = Levels seen in this place.
 G = Mean time per level.
                   A        B        C        D        E       F      G
               +--------+--------+--------+--------+--------+-----+--------+
         Total |   3272 |   2930 |    342 |     70 |   2115 |   6 |  545.3 |
       Dungeon |   3186 |   2870 |    316 |     70 |   2068 |   5 |  637.2 |
        Temple |     85 |     59 |     26 |      0 |     47 |   1 |   85.0 |
               +--------+--------+--------+--------+--------+-----+--------+

Top non-repeatable levels by time:
     D:4: 835 daAuts
     D:1: 801 daAuts
     D:2: 741 daAuts
     D:3: 493 daAuts
     D:5: 314 daAuts
  Temple: 85 daAuts
